 Dungeon Crawl Stone Soup version 0.30-a0-377-g5cb311bc9f (webtiles) character file.

Game seed: 7434826871790568937

84 PyroL the Grave Robber (level 4, 0/31 HPs)
             Began as a Demonspawn Necromancer on Nov 30, 2022.
             Slain by an orc
             ... wielding a +0 trident
              (5 damage)
             ... on level 3 of the Dungeon.
             The game lasted 00:03:21 (2510 turns).

PyroL the Grave Robber (Demonspawn Necromancer)     Turns: 2510, Time: 00:03:22

Health: 0/31       AC:  2    Str:  8    XL:     4   Next: 24%
Magic:  1/8        EV: 12    Int: 18    God:
Gold:   171        SH:  0    Dex: 18    Spells: 1/9 levels left

rFire   . . .      SeeInvis .    g - +0 whip
rCold   . . .      Faith    .    (no shield)
rNeg    . . .      Spirit   .    a - +0 robe
rPois   .          Reflect  .    (helmet restricted)
rElec   .          Harm     .    (no cloak)
rCorr   .          Rampage  .    (no gloves)
Will    .....                    (no boots)
Stlth   ++++......               (no amulet)
HPRegen 0.25/turn                (no ring)
MPRegen 0.11/turn                (no ring)

@: no status effects
A: horns 1, thin skeletal structure 2
a: no special abilities


You were on level 3 of the Dungeon.
You visited 1 branch of the dungeon, and saw 3 of its levels.

You collected 171 gold pieces.

Inventory:

Hand Weapons
 g - a +0 whip (weapon)
Armour
 a - a +0 robe (worn)
Wands
 m - a wand of acid (2)
 o - a wand of mindburst (3)
Scrolls
 d - 2 scrolls of fear {unknown}
 e - 4 scrolls of identify {unknown}
 h - a scroll of enchant armour {unknown}
 i - a scroll of magic mapping {unknown}
 k - a scroll of butterflies {unknown}
 l - a scroll of noise {unknown}
 n - a scroll of vulnerability {unknown}
Potions
 b - 2 potions of magic
 c - a potion of mutation {unknown}
 f - a potion of flight {unknown}
 j - a potion of attraction {unknown}
 p - a potion of haste {unknown}
 q - a potion of heal wounds {unknown}
 r - a potion of brilliance {unknown}


   Skills:
 + Level 0.4 Fighting
 - Level 1.7 Dodging
 - Level 1.7 Stealth
 - Level 3.2 Spellcasting
 + Level 5.4 Necromancy


You had one spell level left.
You knew the following spells:

 Your Spells              Type           Power      Damage    Failure   Level
a - Necrotise             Necr           88%        1d8       1%          1
b - Vampiric Draining     Necr           22%        2d7       4%          3
c - Animate Dead          Necr           22%        N/A       17%         4

Your spell library contained the following spells:

 Spells                   Type           Power      Damage    Failure   Level
 Beastly Appendage        Tmut           4%         N/A       16%         1
 Agony                    Necr           22%        N/A       43%         5
 Cause Fear               Hex            1%         N/A       85%         4
 Dragon Form              Tmut           1%         N/A       100%        7
 Dragon's Call            Summ           1%         N/A       100%        9


Dungeon Overview and Level Annotations

Branches:
Dungeon (3/15)

Altars:

Shops:
D:1 [


Innate Abilities, Weirdness & Mutations

You have a pair of small horns on your head.
You have a moderately thin skeletal structure. (Dex +4, Stealth++)


Message History

An orc comes into view. It is wielding a +0 hand axe.
Found 17 gold pieces.
You see here a glowing red potion.
r - a glowing red potion The orc shouts!
The orc writhes in agony.
You hear a shout!
An orc comes into view. It is wielding a +0 war axe.
The orc writhes in agony!
You kill the orc!
The dead are walking!
The orc writhes in agony.
An orc priest comes into view. It is wielding a +0 club.
The orc barely resists.
The orc writhes in agony!
You kill the orc!
The dead are walking!
Your orc skeleton hits the orc priest but does no damage.
Something hits your orc skeleton.
The orc priest writhes in agony.
Your orc skeleton closely misses the orc priest.
Something hits your orc skeleton.
Your orc skeleton is destroyed!
The orc priest mumbles some strange prayers to Beogh against you.
Pain shoots through your body!
The orc priest barely resists.
An orc comes into view. It is wielding a +0 trident.
The orc priest barely resists.
You are out of magic!
You hit the orc priest but do no damage.
The orc priest is heavily wounded.
The orc priest barely misses you.
You hit the orc priest.
The orc priest is heavily wounded.
The orc priest mumbles some strange prayers to Beogh against you.
Beogh smites you!
Ouch! That really hurt!
* * * LOW HITPOINT WARNING * * *
The orc hits you from afar with a +0 trident.
You die...

.#..#
...$ ...
##.. #.Z
# # #o#.#
#.##o#.#
#..@...#
####.####
#....#
####.#
#.# #.#
#.### #
#...# #.#
###.#
####.##


You could see an orc priest (ally target), an orc and a friendly orc skeleton.

Vanquished Creatures
  2 adders (D:2)
  3 worms
  A dart slug (D:2)
  2 orcs (D:3)
  5 endoplasms
  3 giant cockroaches
  5 goblins
  6 hobgoblins
  2 jackals (D:2)
  6 kobolds
  4 ball pythons
  A bat (D:1)
  3 frilled lizards (D:2)
  6 rats
49 creatures vanquished.

Vanquished Creatures (collateral kills)
  A goblin (D:2)
  A ball python (D:2)
2 creatures vanquished.

Vanquished Creatures (others)
  3 fungi (D:2)
3 creatures vanquished.

Grand Total: 54 creatures vanquished

Notes
Turn   | Place    | Note
-------+----------+-------------------------------------------
     0 | D:1      | PyroL the Demonspawn Necromancer began the quest for the
                  | Orb.
     0 | D:1      | Reached XP level 1. HP: 13/13 MP: 3/3
   220 | D:1      | Gained mutation: You have a somewhat thin skeletal
                  | structure. (Dex +2, Stealth+) [demonic ancestry]
   220 | D:1      | Reached XP level 2. HP: 10/19 MP: 3/5
   731 | D:1      | Found Duolett's Antique Armour Shoppe.
  1106 | D:2      | Reached skill level 5 in Necromancy
  1106 | D:2      | Gained mutation: You have a moderately thin skeletal
                  | structure. (Dex +4, Stealth++) [demonic ancestry]
  1106 | D:2      | Reached XP level 3. HP: 22/24 MP: 1/7
  1110 | D:2      | Learned a level 3 spell: Vampiric Draining
  1675 | D:2      | Found a faded altar of an unknown god.
  1679 | D:2      | Got Plato's Volume of the Figure
  1971 | D:2      | Gained mutation: You have a pair of small horns on your
                  | head. [demonic ancestry]
  1971 | D:2      | Reached XP level 4. HP: 24/30 MP: 5/8
  1976 | D:2      | Learned a level 4 spell: Animate Dead
  2510 | D:3      | Slain by an orc

Illustrated notes

Levels and vault maps discovered:
D:1:      ebering_trefoil_3fold, layout_loops_ring, serial_shops,
          nicolae_shop_stone
D:2:      wad_crossroads, layout_basic, shapermc_ecumenical_altar_rom_forum,
          hex_medium
D:3:      layout_loops_cross, mainiacjoe_overflow_boulevard,
          minmay_close_crescents

Skill      XL: |  1  2  3 |
---------------+----------+-----
Necromancy     | 5 |  5.4
Spellcasting   | 3 |  3.2
Fighting       | |  0.4
Dodging        | |  1.7
Stealth        | |  1.7

Action                   |  1- 3 |  4- 6 || total
-------------------------+-------+-------++-------
Melee: Whip              |    29 |    11 ||    40
       Unarmed           |     1 |       ||     1
       Headbutt          |       |     1 ||     1
 Cast: Necrotise         |    70 |    22 ||    92
 Stab: Sleeping          |     2 |     2 ||     4
Armor: Robe              |     7 |     3 ||    10
Dodge: Dodged            |    24 |    11 ||    35

Table legend: (Time is in decaauts)
 A = Elapsed time spent in this place.
 B = Non-inter-level travel time spent in this place.
 C = Inter-level travel time spent in this place.
 D = Time resting spent in this place.
 E = Time spent auto-exploring this place.
 F = Levels seen in this place.
 G = Mean time per level.
                   A        B        C        D        E       F      G
               +--------+--------+--------+--------+--------+-----+--------+
         Total |   2512 |   2443 |     69 |      0 |   2109 |   3 |  837.3 |
       Dungeon |   2512 |   2443 |     69 |      0 |   2109 |   3 |  837.3 |
               +--------+--------+--------+--------+--------+-----+--------+

Top non-repeatable levels by time:
     D:2: 1324 daAuts
     D:1: 979 daAuts
     D:3: 208 daAuts
